 Dungeon Crawl Stone Soup version 0.30-a0-779-g7971cf19c3 (webtiles) character file.

Game seed: 9165947570014820124

43400 Esekla the Carver (level 14, -6/114 HPs)
             Began as a Vine Stalker Delver on Feb 17, 2023.
             Was a High Priest of Vehumet.
             Mangled by a molten gargoyle
             ... wielding a +0 mace
              (8 damage)
             ... in a Gauntlet.
             The game lasted 01:58:45 (18483 turns).

Esekla the Carver (Vine Stalker Delver)            Turns: 18483, Time: 01:58:46

Health: -6/114     AC: 27    Str: 15    XL:     14   Next: 24%
Magic:  0/36       EV:  2    Int: 14    God:    Vehumet [*****.]
Gold:   948        SH:  6    Dex: 17    Spells: 14/30 levels left

rFire   . . .      SeeInvis .    v - +1 falchion (venom)
rCold   . . .      Faith    .    p - +0 buckler
rNeg    . . .      Spirit   +    (body armour currently unavailable)
rPois   +          Reflect  .    (helmet currently unavailable)
rElec   .          Harm     .    (cloak currently unavailable)
rCorr   .          Rampage  .    (gloves currently unavailable)
Will    +....      NoTele   +    (boots currently unavailable)
Stlth   +++                      C - amulet of magic regeneration
HPRegen 1.19/turn                F - ring of magical power
MPRegen 0.65/turn                t - ring of poison resistance

@: mighty, tree-form, slightly contaminated
A: stationary, stasis, torment immunity, boosted hp, (fangs 3), regeneration 1,
magic shield, (antimagic bite), no potion heal 2
a: Renounce Religion


You were in a Gauntlet.
You worshipped Vehumet.
Vehumet was extremely pleased with you.
You were a tree.
You visited 4 branches of the dungeon, and saw 19 of its levels.
You also visited: Gauntlet.

You collected 1612 gold pieces.
You spent 664 gold pieces at shops.

Inventory:

Hand Weapons
 r - a +1 trident of freezing
 s - a +1 dagger of venom
 v - a +1 falchion of venom (weapon)
 w - a +2 long sword of holy wrath
 z - the +1 short sword "Talir" {venom, Will+ SInv}
   (You found it on level 11 of the Dungeon)

   SInv:      It lets you see invisible.
   Will:      It increases your willpower.
 W - a +1 dagger of holy wrath
Missiles
 L - 20 boomerangs
 O - 3 poisoned darts (quivered)
Armour
 e - a +2 robe of resistance
 p - a +0 buckler (worn)
 H - the +0 helmet "Moojuax" (melded) {Int+3 Dex+4}
   (You found it in a Gauntlet)

   Int:       It affects your intelligence (+3).
   Dex:       It affects your dexterity (+4).
 K - a +0 troll leather armour (melded)
 M - a +2 helmet
 Q - a +2 pair of gloves of strength (melded)
 S - a +2 pair of boots of rampaging (melded)
Magical Staves
 B - a staff of air
Jewellery
 d - a ring of resist corrosion
 t - a ring of poison resistance (right branch)
 u - a ring of magical power
 C - an amulet of magic regeneration (around neck)
 E - a +5 ring of evasion
 F - a ring of magical power (left branch)
 G - the ring "Anaidon" {Contam rF+++ rC+ rCorr Dex-3}
   (You found it in a Gauntlet)

   [ring of protection from cold]

   Dex:       It affects your dexterity (-3).
   rF:        It renders you almost immune to fire.
   rC:        It protects you from cold.
   Contam:    It causes magical contamination when unequipped.
   rCorr:     It protects you from acid and corrosion.
Wands
 a - a wand of flame (26)
 g - a wand of digging (11)
 h - a wand of mindburst (12)
 J - a wand of paralysis (2)
 N - a wand of roots (9)
Scrolls
 b - a scroll of fear
 c - a scroll of fog
 k - a scroll of magic mapping
 l - 3 scrolls of blinking
 m - 2 scrolls of enchant weapon
 n - 3 scrolls of amnesia
 y - 4 scrolls of poison
 D - a scroll of brand weapon
Potions
 f - 2 potions of brilliance
 i - 2 potions of resistance
 j - 6 potions of curing
 q - 3 potions of might
 x - 4 potions of lignification
 A - 4 potions of mutation


   Skills:
 * Level 9.8 Fighting
 + Level 2.0(8.1) Short Blades
 * Level 12.3 Long Blades
 + Level 1.4 Throwing
 + Level 5.1 Armour
 + Level 6.0 Dodging
 - Level 6.0 Stealth
 + Level 5.7 Shields
 * Level 8.6 Spellcasting
 * Level 5.9 Conjurations
 * Level 6.0 Transmutations
 * Level 2.7 Fire Magic
 * Level 6.0 Air Magic
 + Level 0.1 Evocations


You had 14 spell levels left.
You knew the following spells:

 Your Spells              Type           Power      Damage    Failure   Level
b - Searing Ray           Conj           44%        2d6       1%          2
i - Irradiate             Conj/Tmut      11%        3d15      11%         5
k - Airstrike             Air            11%        2d(2-18)  3%          4
o - Scorch                Fire           26%        2d6       2%          2
q - Swiftness             Air            22%        N/A       4%          3

Your spell library contained the following spells:

 Spells                   Type           Power      Damage    Failure   Level
 Conjure Ball Lightning   Conj/Air       11%        3x3d6     45%         6
 Magic Dart               Conj           88%        1d7       1%          1
 Shock                    Conj/Air       88%        1d8       1%          1
 Flame Wave               Conj/Fire      18%        2d7       7%          4
 Summon Small Mammal      Summ           24%        N/A       16%         1
 Sublimation of Blood     Necr           6%         N/A       24%         2
 Petrify                  Tmut/Erth      14%        N/A       41%         4
 Call Canine Familiar     Summ           6%         N/A       43%         3
 Portal Projectile        Hex/Tloc       12%        N/A       43%         3
 Summon Guardian Golem    Hex/Summ       6%         N/A       43%         3
 Anguish                  Hex/Necr       3%         N/A       83%         4
 Animate Dead             Necr           6%         N/A       83%         4
 Leda's Liquefaction      Hex/Erth       3%         N/A       83%         4
 Borgnjor's Vile Clutch   Necr/Erth      3%         N/A       99%         5
 Death Channel            Necr           3%         N/A       100%        6
 Summon Cactus Giant      Summ           3%         N/A       100%        6
 Enfeeble                 Hex            3%         N/A       100%        7
 Haunt                    Necr/Summ      3%         N/A       100%        7
 Infestation              Necr           3%         N/A       100%        8


Dungeon Overview and Level Annotations

Branches:
Dungeon (12/15)            Temple (1/1) D:4            Lair (4/5) D:9
  Swamp (0/4) Lair:3        Snake (0/4) Lair:2          Orc (2/2) D:11
    Elf (0/3) Orc:2       Gauntlet (1/1)
  Slime: Lair:4-5

Altars:
Cheibriados
Fedhas
Gozag
Uskayaw
Vehumet
The Shining One

Shops:
D:4 *   D:8 [   Orc:2 **[(*

Annotations:
D:4 Dowan, Duvessa
D:7 1 runed translucent door, Crazy Yiuf
Lair:1 exclusion: oklob plant
Lair:3 Urug Gauntlet 8 transporters


Innate Abilities, Weirdness & Mutations

You are a tree.
Your roots penetrate the ground, keeping you stationary.
You cannot be teleported.
You are immune to unholy pain and torment.
Your maximum health is greatly increased.
Your equipment is partially melded.
((You have razor-sharp teeth.))
Your natural rate of healing is unusually fast.
When hurt, damage is shared between your health and your magic reserves.
((Your bite disrupts and absorbs the magic of your enemies.))
Potions cannot restore your health.


Message History

Confirm with . or Enter, or press ? or * to list all spells.
You miscast Irradiate.
You are very lightly contaminated with residual magic.
Strange energies run through your body.
You are lightly contaminated with residual magic.
The molten gargoyle hits you with a +0 mace.
* * * LOW HITPOINT WARNING * * *
You are engulfed in flames!
* * * LOW HITPOINT WARNING * * *
The catoblepas gores you but does no damage.
The gargoyle hurls a stone arrow at you.
The stone arrow hits you.
* * * LOW HITPOINT WARNING * * *
Casting: Irradiate (dangerous; 11% risk of failure)
Confirm with . or Enter, or press ? or * to list all spells.
You erupt in a fountain of uncontrolled magic!
The molten gargoyle is blasted with magical radiation!!
You destroy the molten gargoyle!
Vehumet accepts your kill.
You feel your power returning.
The catoblepas is blasted with magical radiation!!
You kill the catoblepas!
Vehumet accepts your kill.
You feel your power returning.
The gargoyle is blasted with magical radiation!
The gargoyle is heavily damaged.
You are lightly contaminated with residual magic.
The gargoyle hurls a stone arrow at you.
The stone arrow hits you but does no damage.
Your Air Magic skill increases to level 6!
You barely miss the molten gargoyle. You slash the gargoyle!
The gargoyle is heavily damaged.
You block the gargoyle's attack.
You hit the gargoyle but do no damage.
The gargoyle is heavily damaged.
The molten gargoyle hits you with a +0 mace!
* * * LOW HITPOINT WARNING * * *
You are engulfed in flames!
You die...

#######...###########..#.8.#
........≈.............≈#...#
.......§8§............∩#.8.#
......§.≈.............≈#...#
#######...###########..#.8.#
.≈...)#...#!.#.©.#=:#..#...#
.≈≈.§≈#...##..#.#..#####.8..
≈..≈..#...#.#..#..#.#©.....#
.≈≈.≈.###.#..#.)♣#..####.8..
..≈..©#©#.##.§#9#9.##..#...#
.≈≈..|#.#.#.#§§#§.#.#..#
≈..≈.≈#.#.#..#§§§#..#..#
..≈§≈.#.#.#.9§#.#§..#..#
≈≈....#.#.#...§#§§..#..#
#######.#############..#
≈8≈≈≈≈#........©#......#
#######.#########....§§#


You could see a molten gargoyle and a gargoyle.

Vanquished Creatures
  An orc warlord (D:11)
  Josephine (D:11)
  2 catoblepae (Gauntlet)
  5 two-headed ogres
  2 boulder beetles (D:12)
  An orc high priest (Orc:2)
  Sonja (Orc:2)
  3 skeletal warriors
  A skyshark (Lair:2)
  Pikel (D:5)
  2 orc knights
  11 orc sorcerers
  An ugly thing (D:12)
  3 cyclopes
  6 elephants (Lair:3)
  4 black mambas
  2 gargoyles (Gauntlet)
  2 molten gargoyles (Gauntlet)
  2 cane toads (Lair:2)
  A torpor snail (Gauntlet)
  A rime drake (Lair:3)
  6 komodo dragons
  4 unseen horrors
  3 kobold demonologists
  5 trolls
  5 blink frogs (Lair:1)
  4 slime creatures (D:12)
  A shadow (D:11)
  A wyvern (Lair:2)
  17 yaks
  2 vampires
  A basilisk (Lair:2)
  5 wraiths
  4 vampire mosquitoes
  3 steam dragons
  3 nagas
  4 wargs
  Menkaure (D:7)
  2 acid dragons
  6 water moccasins
  An ice beast (D:8)
  A sky beast (D:8)
  24 orc warriors
  2 black bears
  6 ogres
  11 wolves
  8 centaurs
  2 lemures (D:5)
  A phantom (D:5)
  A kobold brigand (D:11)
  7 bullfrogs
  4 scorpions
  4 wights
  4 killer bees (D:8)
  3 howler monkeys
  3 electric eels
  9 hounds
  A jelly (D:6)
  A gnoll bouda (D:5)
  24 orc priests
  7 iguanas
  31 orc wizards
  9 adders
  8 gnolls
  2 shadow imps
  A white imp (D:6)
  2 ufetubi
  4 worms
  2 dart slugs
  73 orcs
  6 ball pythons
  5 endoplasms
  4 giant cockroaches
  6 goblins
  5 hobgoblins
  2 quokkas (D:3)
  A bat (D:2)
  2 frilled lizards
  5 kobolds
  5 rats
427 creatures vanquished.

Vanquished Creatures (others)
  An orc wizard (D:8)
  An orc (D:8)
  15 fungi
  25 plants
42 creatures vanquished.

Grand Total: 469 creatures vanquished

Notes
Turn   | Place    | Note
-------+----------+-------------------------------------------
     0 | D:5      | Esekla the Vine Stalker Delver began the quest for the Orb.
     0 | D:5      | Reached XP level 1. HP: 11/11 MP: 2/2
    46 | D:5      | Noticed a hound
    55 | D:6      | Reached skill level 2 in Long Blades
    55 | D:6      | Reached XP level 2. HP: 16/16 MP: 2/4
    91 | D:5      | Identified the +1 chain mail of Fortification {rC- Dex+3
                  | SInv}
   139 | D:5      | Reached skill level 1 in Spellcasting
   139 | D:5      | Reached XP level 3. HP: 14/20 MP: 2/5
   223 | D:5      | Noticed a black bear
   274 | D:5      | Gained mutation: Your natural rate of healing is unusually
                  | fast. [Vine Stalker growth]
   274 | D:5      | Reached XP level 4. HP: 24/24 MP: 7/7
   468 | D:4      | Reached XP level 5. HP: 27/28 MP: 7/9
   474 | D:4      | Reached skill level 1 in Armour
   617 | D:4      | Noticed Duvessa
  1012 | D:4      | Found Icys Ofo's Assorted Antiques.
  1029 | D:4      | Reached skill level 3 in Long Blades
  1030 | D:4      | Found a staircase to the Ecumenical Temple.
  1076 | Temple   | Entered the Ecumenical Temple
  1138 | Temple   | Became a worshipper of Vehumet
  1274 | D:3      | Reached XP level 6. HP: 31/33 MP: 8/10
  1741 | D:2      | Found a snail-covered altar of Cheibriados.
  2403 | D:1      | Reached * piety under Vehumet
  2403 | D:1      | Offered knowledge of Shock by Vehumet.
  3809 | D:4      | Noticed Dowan
  3993 | D:5      | Killed a black bear
  3994 | D:5      | Reached XP level 7. HP: 37/37 MP: 12/12
  4065 | D:5      | Reached skill level 1 in Short Blades
  4065 | D:5      | Reached skill level 1 in Shields
  4594 | D:4      | Bought a scroll labelled VIENOFF QIPOV for 25 gold pieces
  4594 | D:4      | Bought a scroll labelled HANUECH QIUPN for 25 gold pieces
  4679 | D:4      | Bought a glowing leather armour for 125 gold pieces
  4844 | D:5      | Offered knowledge of Magic Dart by Vehumet.
  4847 | D:5      | Learned a level 1 spell: Magic Dart
  4857 | D:5      | Reached ** piety under Vehumet
  4858 | D:5      | Gained mutation: You have razor-sharp teeth. [Vine Stalker
                  | growth]
  4858 | D:5      | Reached XP level 8. HP: 39/41 MP: 14/14
  5037 | D:5      | Reached skill level 5 in Fighting
  5037 | D:5      | Reached skill level 4 in Long Blades
  5156 | D:6      | Noticed Pikel
  5249 | D:5      | Reached skill level 1 in Conjurations
  5483 | D:5      | Killed Pikel
  5484 | D:5      | Reached skill level 5 in Long Blades
  5579 | D:5      | Reached XP level 9. HP: 46/47 MP: 16/16
  6041 | D:6      | Offered knowledge of Searing Ray by Vehumet.
  6064 | D:6      | Learned a level 2 spell: Searing Ray
  6542 | D:7      | Noticed Menkaure
  6551 | D:7      | Reached *** piety under Vehumet
  6555 | D:7      | Killed Menkaure
  6556 | D:7      | Reached skill level 6 in Long Blades
  6849 | D:7      | Found a runed translucent door.
  6850 | D:7      | Noticed Crazy Yiuf
  7126 | D:8      | Noticed an unseen horror
  7141 | D:8      | Killed an unseen horror
  7430 | D:8      | Reached skill level 5 in Spellcasting
  7430 | D:8      | Reached XP level 10. HP: 53/53 MP: 18/18
  7575 | D:8      | Found Pocuiq's Antique Armour Shop.
  7837 | D:8      | Reached skill level 7 in Long Blades
  7984 | D:9      | Offered knowledge of Kindle Blastsparks by Vehumet.
  8114 | D:8      | Bought a polished leather armour for 196 gold pieces
  8114 | D:8      | Identified the +0 leather armour of Qufri {Harm} (You
                  | bought it in a shop on level 8 of the Dungeon)
  8265 | D:9      | Noticed a kobold demonologist
  8278 | D:9      | Killed a kobold demonologist
  8389 | D:9      | Found a staircase to the Lair.
  8502 | D:9      | Learned a level 4 spell: Airstrike
  9174 | D:10     | Entered Level 10 of the Dungeon
  9282 | D:10     | Reached skill level 1 in Air Magic
  9587 | D:10     | Noticed a two-headed ogre
  9625 | D:9      | Reached skill level 8 in Long Blades
  9813 | D:10     | Killed a two-headed ogre
  9814 | D:10     | Reached skill level 1 in Transmutations
  9969 | D:10     | Reached XP level 11. HP: 54/58 MP: 21/21
  9988 | D:10     | Found a blossoming altar of Fedhas.
  9991 | D:10     | Found a glowing golden altar of the Shining One.
 10057 | D:10     | Noticed a two-headed ogre
 10068 | D:10     | Killed a two-headed ogre
 10473 | D:11     | Noticed a cyclops
 10487 | D:11     | Killed a cyclops
 10908 | D:11     | Reached skill level 9 in Long Blades
 10931 | D:11     | Noticed a two-headed ogre
 10944 | D:11     | Killed a two-headed ogre
 11066 | D:11     | Reached **** piety under Vehumet
 11080 | D:11     | Noticed a skeletal warrior
 11180 | D:11     | Offered knowledge of Stone Arrow by Vehumet.
 11181 | D:11     | Identified the +3 quarterstaff "Qyer" {drain, +Blink rC++
                  | rN+}
 11218 | D:11     | Identified the +1 short sword "Talir" {venom, Will+ SInv}
 11224 | D:11     | Found a staircase to the Orcish Mines.
 11343 | D:11     | Noticed a skeletal warrior
 11350 | D:11     | Noticed a skeletal warrior
 11420 | Lair:1   | Entered Level 1 of the Lair of Beasts
 11441 | Lair:1   | Noticed an oklob plant
 11537 | Lair:1   | Noticed a six-headed hydra
 12009 | Lair:1   | Reached XP level 12. HP: 61/64 MP: 23/23
 12189 | D:8      | Bought a pair of runed boots for 210 gold pieces
 12377 | Lair:2   | Found a staircase to the Snake Pit.
 12706 | Lair:2   | Reached skill level 10 in Long Blades
 12809 | Lair:2   | Noticed a four-headed hydra
 13315 | D:12     | Reached skill level 5 in Shields
 13487 | D:12     | Noticed a boulder beetle
 13504 | D:12     | Killed a boulder beetle
 13607 | D:12     | Noticed a boulder beetle
 13630 | D:12     | Killed a boulder beetle
 13733 | D:12     | Noticed a two-headed ogre
 13876 | D:12     | Killed a two-headed ogre
 13989 | D:12     | Reached skill level 5 in Dodging
 14252 | D:11     | Learned a level 5 spell: Irradiate
 14389 | Orc:1    | Entered Level 1 of the Orcish Mines
 14400 | Orc:1    | Paralysed by an orc sorcerer for 5 turns
 14460 | Orc:1    | Reached ***** piety under Vehumet
 14476 | Orc:1    | Noticed an orc warlord
 14486 | Orc:1    | Reached skill level 11 in Long Blades
 14492 | Orc:1    | Noticed Josephine
 14514 | Orc:1    | Offered knowledge of Orb of Destruction by Vehumet.
 14534 | Orc:1    | Reached XP level 13. HP: 69/69 MP: 25/25
 14976 | D:9      | Learned a level 2 spell: Scorch
 14980 | D:9      | Learned a level 3 spell: Swiftness
 15131 | D:9      | Reached skill level 5 in Air Magic
 15360 | D:11     | Killed an orc warlord
 15361 | D:11     | Reached skill level 5 in Armour
 15532 | D:10     | Reached skill level 1 in Throwing
 15532 | D:10     | Reached skill level 1 in Fire Magic
 15674 | D:11     | Killed Josephine
 15774 | Orc:1    | Reached skill level 5 in Transmutations
 15918 | Orc:1    | You fall into a shaft and drop 1 floor!
 15918 | Orc:2    | Entered Level 2 of the Orcish Mines
 16289 | Orc:2    | Reached skill level 5 in Conjurations
 16428 | Orc:2    | Noticed Sonja
 16459 | Orc:2    | Killed Sonja
 16898 | Orc:2    | Offered knowledge of Conjure Ball Lightning by Vehumet.
 17001 | Orc:2    | Found Reurytae's Assorted Antiques.
 17125 | Orc:2    | Found Viranufa's General Store.
 17125 | Orc:2    | Found Esiergh's Assorted Antiques.
 17141 | Orc:2    | Found Sir Esam's Armour Boutique.
 17194 | Orc:2    | Found Firyha's Weapon Boutique.
 17199 | Orc:2    | Bought a scroll labelled QAFOFOFO PUXTAL for 33 gold pieces
 17401 | Orc:2    | Found a staircase to the Elven Halls.
 17454 | Orc:2    | Bought a scroll of identify for 50 gold pieces
 17718 | Lair:3   | Noticed Urug
 17720 | Lair:3   | Reached skill level 12 in Long Blades
 17973 | Lair:3   | Reached XP level 14. HP: 75/75 MP: 27/27
 18144 | Lair:3   | Found a staircase to the Swamp.
 18166 | Lair:4   | Found a gate leading to a gauntlet.
 18175 | Gauntlet | Entered a Gauntlet
 18175 | Gauntlet | Found a transporter.
 18175 | Gauntlet | Found a transporter.
 18179 | Gauntlet | Found a transporter.
 18192 | Gauntlet | Found a transporter.
 18203 | Gauntlet | Found a transporter.
 18214 | Gauntlet | Found a transporter.
 18214 | Gauntlet | Found a transporter.
 18237 | Gauntlet | Found a transporter.
 18247 | Gauntlet | Found a transporter.
 18280 | Gauntlet | Found a transporter.
 18350 | Gauntlet | Identified the ring "Anaidon" {Contam rF+++ rC+ rCorr
                  | Dex-3}
 18376 | Gauntlet | Found a transporter.
 18423 | Gauntlet | Identified the +0 helmet "Moojuax" {Int+3 Dex+4}
 18442 | Gauntlet | Found a transporter.
 18454 | Gauntlet | Found a transporter.
 18479 | Gauntlet | HP: 5/114 [gargoyle/stone arrow (1)]
 18483 | Gauntlet | HP: 2/114 [molten gargoyle/+0 mace (6)]
 18483 | Gauntlet | Mangled by a molten gargoyle

Illustrated notes

Levels and vault maps discovered:
D:1:      ebering_trefoil_3fold, layout_loops_corners
D:2:      layout_basic, basic_altar
D:3:      layout_basic, hangedman_decor_growths
D:4:      layout_basic, minmay_temple_entry_purple_smoke, serial_shops, shop,
          grunt_decor_cap, uniq_duvessa
D:5:      layout_loops_ring
D:6:      layout_gridville, uniq_pikel
D:7:      layout_basic, uniq_crazy_yiuf_cottage, uniq_menkaure
D:8:      layout_rooms, serial_shops, shop
D:9:      layout_loops_corners, erik_lair_island
D:10:     layout_cave_pools, nicolae_overflow_squiral
D:11:     layout_roguey, david_orc_1_choice, minmay_misc_feat_tower
D:12:     layout_basic, kennysheep_decorative_pillar, serial_bayou_pond_a
Temple:   mainiacjoe_temple_cubbyholes
Lair:1:   layout_long_grid, minmay_lair_oklob_bushes
Lair:2:   layout_chaotic_city, minmay_snake_entry_guardpost_small, st_stairs_3,
          grunt_megastairs_5
Lair:3:   layout_loops_ring, minmay_swamp_entry_reptiles, grunt_megastairs_2,
          uniq_urug
Lair:4:   layout_regular_city, portal_ice_cave_entry_ice_simulacra,
          gauntlet_entry_generic, grunt_megastairs_3, uniq_snorg
Orc:1:    layout_caves, basic_altar, uniq_josephine
Orc:2:    st_orc_mages, layout_caves, serial_shops, nicolae_diamond_shop,
          uniq_sonja
Gauntlet: gammafunk_gauntlet_branching [gammafunk_gauntlet_arena_chambers,
          gammafunk_gauntlet_arena_split_x, nicolae_gauntlet_arena_x,
          nicolae_gauntlet_arena_flowing_pool, gammafunk_gauntlet_arena_open,
          nicolae_gauntlet_arena_t_cross, gammafunk_gauntlet_arena_arrow_garden,
          gammafunk_gauntlet_arena_grid, nicolae_gauntlet_exit_dead_adventurers]

Skill      XL: |  1  2  3  4  5  6  7  8  9 10 11 12 13 14 |
---------------+-------------------------------------------+-----
Long Blades    | 2 3 5 6 8 9 11 12 | 12.3
Fighting       | 3 4 5 6 7 8 9 |  9.8
Spellcasting   | 1 2 3 4 5 6 7 8 |  8.6
Armour         | 1 2 3 4 5 |  5.1
Dodging        | 2 3 4 5 6 |  6.0
Short Blades   | 1 2 |  2.0
Shields        | 1 2 3 4 5 |  5.7
Conjurations   | 2 3 4 5 |  5.9
Air Magic      | 2 3 4 5 6 |  6.0
Transmutations | 1 3 4 5 6 |  6.0
Throwing       | 1 |  1.4
Fire Magic     | 2 |  2.7
Stealth        | |  6.0
Evocations     | |  0.1

Action                     |  1- 3 |  4- 6 |  7- 9 | 10-12 | 13-15 || total
---------------------------+-------+-------+-------+-------+-------++-------
  Melee: Falchion          |    31 |   151 |   235 |   797 |   678 ||  1892
         Bite              |     7 |    61 |    95 |   330 |   325 ||   818
         Dagger            |       |    61 |    83 |    16 |       ||   160
         Punch             |       |     1 |       |       |       ||     1
         Long sword        |       |       |       |       |    45 ||    45
  Throw: Boomerang         |       |       |       |     6 |     6 ||    12
         Dart              |       |       |       |    14 |    15 ||    29
   Cast: Magic Dart        |       |       |     4 |     1 |       ||     5
         Swiftness         |       |       |       |       |     2 ||     2
         Airstrike         |       |       |       |       |     2 ||     2
         Irradiate         |       |       |       |       |     3 ||     3
  Evoke: Wand              |       |       |       |     1 |     6 ||     7
    Use: Scroll            |     2 |       |    10 |    16 |     8 ||    36
         Potion            |       |     1 |       |       |     6 ||     7
   Stab: Sleeping          |     1 |    19 |     4 |    10 |     1 ||    35
         Distracted        |       |       |     1 |       |     1 ||     2
         Paralysed         |       |       |       |     1 |       ||     1
 Armour: Leather armour    |     8 |    37 |    73 |       |       ||   118
         Chain mail        |       |       |     4 |    47 |       ||    51
         Steam dragon scal |       |       |     1 |     2 |       ||     3
         Troll leather arm |       |       |       |   188 |   182 ||   370
         Skin              |       |       |       |       |     6 ||     6
  Dodge: Dodged            |    20 |    81 |   219 |   424 |   364 ||  1108
  Block: Buckler           |       |     8 |    74 |   202 |   191 ||   475

Table legend: (Time is in decaauts)
 A = Elapsed time spent in this place.
 B = Non-inter-level travel time spent in this place.
 C = Inter-level travel time spent in this place.
 D = Time resting spent in this place.
 E = Time spent auto-exploring this place.
 F = Levels seen in this place.
 G = Mean time per level.
                   A        B        C        D        E       F      G
               +--------+--------+--------+--------+--------+-----+--------+
         Total |  18352 |  16796 |   1556 |   2606 |   4805 |  20 |  917.6 |
       Dungeon |  14079 |  12812 |   1267 |   1975 |   3862 |  12 | 1173.2 |
        Temple |    105 |     62 |     43 |      0 |     55 |   1 |  105.0 |
          Lair |   2091 |   1935 |    156 |    315 |    365 |   4 |  522.8 |
  Orcish Mines |   1779 |   1690 |     89 |    316 |    523 |   2 |  889.5 |
      Gauntlet |    295 |    295 |      0 |      0 |      0 |   1 |  295.0 |
               +--------+--------+--------+--------+--------+-----+--------+

Top non-repeatable levels by time:
    D:11: 2001 daAuts
     D:5: 1721 daAuts
     D:9: 1666 daAuts
    D:10: 1245 daAuts
     D:4: 1111 daAuts
     D:7: 1071 daAuts
     D:8: 996 daAuts
   Orc:2: 912 daAuts
  Lair:1: 907 daAuts
    D:12: 888 daAuts
     D:3: 886 daAuts
     D:6: 886 daAuts
   Orc:1: 867 daAuts
  Lair:2: 819 daAuts
     D:1: 804 daAuts
